[Event "Team 45 45 League T45"]
[Site "Internet Chess Club"]
[Date "2010.06.13"]
[Round "6"]
[White "Uragon-bocho"]
[Black "PopolVuh"]
[Result "1-0"]
[WhiteElo "2063"]
[BlackElo "1938"]
[Opening "Budapest: Adler variation"]
[ECO "A52"]
[Time "16:01:28"]
[TimeControl "2700+45"]

1. d4 Nf6 2. c4 e5 3. dxe5 Ng4 4. Nf3 Bc5 5. e3 Nc6 6. a3 a5 7. Qd5 Qe7 8. Nc3
Ngxe5 9. Be2 d6 10. b3 O-O 11. Bb2 Re8 12. O-O Nxf3+ 13. Bxf3 Ne5 14. Be2 c6 15.
Qd2 Bf5 16. Na4 Ba7 17. Bd4 Bxd4 18. Qxd4 Rad8 19. Qc3 d5 20. c5 Ra8 21. Nb6 Ra7
22. b4 axb4 23. axb4 Rxa1 24. Rxa1 Nd7 25. Nxd7 Qxd7 26. Ra7 f6 27. Qb2 h6 28.
b5 cxb5 29. Bxb5 Qc8 30. Bxe8 {Black resigns} 1-0

[Event "Team 45 45 League T45"]
[Site "Internet Chess Club"]
[Date "2010.06.14"]
[Round "6"]
[White "Stryker672"]
[Black "chiiwen"]
[Result "1/2-1/2"]
[WhiteElo "1961"]
[BlackElo "2149"]
[Opening "Sicilian: Alapin's variation (2.c3)"]
[ECO "B22"]
[Time "23:00:08"]
[TimeControl "2700+45"]

1. e4 c5 2. c3 Nf6 3. e5 Nd5 4. d4 cxd4 5. cxd4 e6 6. Nf3 b6 7. Nc3 Nxc3 8. bxc3
Qc7 9. Bd2 Bb7 10. Bd3 d6 11. O-O Nd7 12. exd6 Bxd6 13. h3 O-O 14. Re1 h6 15.
Qe2 Rad8 16. Rad1 Rfe8 17. Be4 Bxe4 18. Qxe4 Nf6 19. Qh4 Nh7 20. Ne5 Bxe5 21.
Rxe5 Rd5 22. Rde1 Rxe5 23. Rxe5 f6 24. Re1 Qf7 25. Qg3 Kh8 26. Qd6 Nf8 27. c4
Qd7 28. Qxd7 Nxd7 29. Bb4 Rc8 30. c5 e5 31. dxe5 Nxe5 32. cxb6 axb6 33. Rd1 Ra8
34. a3 Nc4 35. Rb1 Ra7 36. g3 Nxa3 37. Bxa3 Rxa3 38. Rxb6 Kh7 39. Kg2 h5 40. h4
Kg6 41. Rb5 {Game drawn by mutual agreement} 1/2-1/2

[Event "Team 45 45 League T45"]
[Site "Internet Chess Club"]
[Date "2010.06.13"]
[Round "6"]
[White "Fulvio"]
[Black "alexdb"]
[Result "1/2-1/2"]
[WhiteElo "1982"]
[BlackElo "1963"]
[Opening "Trompowsky attack (Ruth, Opocenský opening)"]
[ECO "A45"]
[Time "14:00:34"]
[TimeControl "2700+45"]

1. d4 Nf6 2. Bg5 d5 3. Bxf6 gxf6 4. Nf3 c5 5. c3 Nc6 6. e3 e5 7. dxe5 fxe5 8.
Bb5 Qd6 9. c4 a6 10. Ba4 d4 11. Nbd2 Bf5 12. Nh4 Be6 13. Ne4 Qe7 14. Qh5 O-O-O
15. Bxc6 bxc6 16. b3 Qc7 17. O-O Be7 18. Nf5 f6 19. Nxe7+ Qxe7 20. exd4 cxd4 21.
c5 Bd5 22. Nd6+ Rxd6 23. cxd6 Qxd6 24. Rac1 Rg8 25. f3 Qe7 26. Qf5+ Kb7 27. Qd3
h5 28. b4 e4 29. Qxd4 exf3 30. g3 Rg4 31. Qc3 h4 32. Rxf3 Qe4 33. Rcf1 hxg3 34.
hxg3 Qg6 35. Qd3 Bxf3 36. Qxg6 Rxg6 37. Rxf3 {Game drawn by mutual agreement}
1/2-1/2

[Event "Team 45 45 League T45"]
[Site "Internet Chess Club"]
[Date "2010.06.10"]
[Round "6"]
[White "Atlantis"]
[Black "cityprosecutor"]
[Result "1/2-1/2"]
[WhiteElo "1808"]
[BlackElo "1772"]
[Opening "Grünfeld: exchange, Seville variation"]
[ECO "D87"]
[Time "18:00:25"]
[TimeControl "2700+45"]

1. d4 Nf6 2. c4 g6 3. Nc3 d5 4. cxd5 Nxd5 5. e4 Nxc3 6. bxc3 c5 7. Bc4 Bg7 8.
Ne2 O-O 9. O-O Nc6 10. Be3 Bg4 11. f3 Na5 12. Bxf7+ Rxf7 13. fxg4 Rxf1+ 14. Qxf1
cxd4 15. cxd4 e5 16. Rd1 Nc4 17. Bf2 Qa5 18. dxe5 Bxe5 19. Rd7 b6 20. Qc1 Qxa2
21. g3 Qxe2 22. Qh6 Qf3 23. Qxh7+ Kf8 24. Qxg6 Qf6 25. Qh7 Nd6 26. Be3 Bd4 27.
Bxd4 Qxd4+ 28. Kf1 Qd3+ 29. Kg1 Qe3+ 30. Kf1 Qd3+ 31. Kg1 Qd1+ 32. Kg2 Qe2+ 33.
Kg1 Qe1+ 34. Kg2 Qxe4+ 35. Qxe4 Nxe4 36. Kf3 Nf6 37. Rb7 Nd5 38. Ke4 Nc3+ 39.
Kf5 b5 40. g5 a5 41. Kg6 Kg8 42. Rg7+ Kf8 43. Rh7 Ra6+ 44. Kf5 b4 45. g6 Kg8 46.
Rb7 a4 47. Rb8+ Kg7 48. Rb7+ Kg8 49. Rb8+ Kg7 50. Rb7+ {Game drawn by mutual
agreement} 1/2-1/2

[Event "Team 45 45 League T45"]
[Site "Internet Chess Club"]
[Date "2010.06.15"]
[Round "6"]
[White "kidcobra"]
[Black "crazyhorses"]
[Result "0-1"]
[WhiteElo "1481"]
[BlackElo "1506"]
[Opening "Sicilian: dragon variation"]
[ECO "B70"]
[Time "16:00:43"]
[TimeControl "2700+45"]

1. e4 c5 2. Nf3 d6 3. d4 cxd4 4. Nxd4 Nf6 5. Nc3 g6 6. Bc4 Bg7 7. Be3 O-O 8. Qd2
Ng4 9. f3 Nxe3 10. Qxe3 Qb6 11. O-O-O Nc6 12. Nce2 e5 13. c3 exd4 14. cxd4 Be6
15. Bxe6 fxe6 16. Qd3 Rac8 17. Kb1 Nb4 18. Qb3 Kh8 19. a3 Nd5 20. Qxb6 Nxb6 21.
Nf4 Rxf4 22. Rhf1 Rc4 23. g3 Rf8 24. d5 exd5 25. exd5 Rfc8 26. Rfe1 Rc2 27. Rh1
Rxb2+ 28. Ka1 Rb5+ 29. Ka2 Rc2# {White checkmated} 0-1

[Event "Team 45 45 League T45"]
[Site "Internet Chess Club"]
[Date "2010.06.10"]
[Round "6"]
[White "RayF"]
[Black "Fisherman77"]
[Result "1-0"]
[WhiteElo "1706"]
[BlackElo "1362"]
[Opening "QGD: Marshall defense"]
[ECO "A50"]
[Time "09:07:38"]
[TimeControl "2700+45"]

1. d4 Nf6 2. c4 d5 3. Nf3 Nc6 4. Nc3 Bf5 5. e3 e6 6. Be2 Be7 7. O-O O-O 8. h3 h6
9. Qb3 Na5 10. Qa4 Nxc4 11. Bxc4 dxc4 12. Qxc4 a6 13. Re1 Ne4 14. b3 b5 15. Qc6
Nxc3 16. Qxc3 Rc8 17. e4 Bh7 18. Bb2 b4 19. Qc6 Qd6 20. Rac1 a5 21. Rc5 Qxc6 22.
Rxc6 Rfd8 23. Ne5 Rd6 24. Rc4 Ra6 25. f3 c5 26. Rec1 f6 27. Nd3 f5 28. Nxc5 Bxc5
29. Rxc5 Rxc5 30. dxc5 fxe4 31. c6 Ra8 32. c7 Rd8 33. cxd8=Q+ {Black resigns}
1-0

[Event "Team 45 45 League T45"]
[Site "Internet Chess Club"]
[Date "2010.06.15"]
[Round "6"]
[White "KidBoa"]
[Black "seattleblues"]
[Result "1/2-1/2"]
[WhiteElo "1278"]
[BlackElo "1253"]
[Opening "French: exchange variation"]
[ECO "C01"]
[Time "06:39:49"]
[TimeControl "2700+45"]

1. e4 e6 2. d4 d5 3. exd5 exd5 4. Nf3 Nf6 5. Nc3 c5 6. Be3 Nc6 7. dxc5 Ng4 8.
Nxd5 Nxe3 9. Nxe3 Bxc5 10. Qxd8+ Nxd8 11. O-O-O O-O 12. Ne5 Ne6 13. Nd7 Rd8 14.
Nxc5 Rxd1+ 15. Kxd1 Nxc5 16. Nd5 Be6 17. Nc7 Rd8+ 18. Kc1 Bf5 19. Bc4 Ne4 20. f3
Nc5 21. Re1 g6 22. Re8+ Rxe8 23. Nxe8 Ne6 24. Nd6 b6 25. g4 Bxc2 26. Kxc2 Nd4+
27. Kd3 Nxf3 28. Nxf7 Nxh2 29. Ne5+ Kg7 30. Kd4 Kf6 31. Ke4 Kg5 32. a4 Nxg4 33.
Nxg4 Kxg4 34. Ke3 h5 35. Kf2 g5 36. Be6+ Kf4 37. Bf7 h4 38. Kg2 g4 39. Be6 h3+
40. Kh2 Kf3 41. Bxg4+ Kxg4 42. Kh1 Kg3 43. Kg1 h2+ 44. Kh1 Kh3 45. b3 Kg3 46. b4
a6 47. b5 axb5 48. axb5 Kh3 {White stalemated} 1/2-1/2

[Event "Team 45 45 League T45"]
[Site "Internet Chess Club"]
[Date "2010.06.12"]
[Round "6"]
[White "Conjurer"]
[Black "kingsrook"]
[Result "1-0"]
[WhiteElo "1285"]
[BlackElo "1302"]
[Opening "English: symmetrical variation"]
[ECO "A34"]
[Time "13:14:16"]
[TimeControl "2700+45"]

1. c4 c5 2. Nc3 Nf6 3. g3 e6 4. Bg2 Nc6 5. Nf3 b6 6. d4 cxd4 7. Nxd4 Bb7 8. Bg5
Be7 9. O-O O-O 10. Nf3 Qc7 11. e3 a6 12. Qd3 Nb4 13. Qe2 Rad8 14. b3 d5 15. Nd4
e5 16. Nf5 d4 17. Nxe7+ Qxe7 18. exd4 Rxd4 19. Bxb7 h6 20. Bxf6 Qxf6 21. Nd5
Nxd5 22. Bxd5 Rd8 23. Rad1 Rxd1 24. Rxd1 Rd7 25. Qe4 Re7 26. Qc2 Rc7 27. Be4 g6
28. Rd5 Kg7 29. Qc3 Rc5 30. Rxc5 bxc5 31. f3 Qd6 32. Bd5 f6 33. a3 Qb6 34. Kg2
a5 35. f4 Qc7 36. fxe5 fxe5 37. Qe3 g5 38. a4 Kg6 39. Qe4+ Kg7 40. g4 Qd6 41.
Qf5 Qe7 42. Kf3 Qf6 43. Ke4 Qe7 44. Qxe5+ Qxe5+ 45. Kxe5 Kf8 46. Kd6 Kg7 47.
Kxc5 Kf6 48. Kb6 {Black resigns} 1-0

[Event "Team 45 45 League T45"]
[Site "Internet Chess Club"]
[Date "2010.06.14"]
[Round "6"]
[White "Tamarin"]
[Black "LeanSixSigma"]
[Result "1-0"]
[WhiteElo "1722"]
[BlackElo "1412"]
[Opening "QGD semi-Slav: 5...Nd7"]
[ECO "D45"]
[Time "02:00:48"]
[TimeControl "2700+45"]

1. d4 d5 2. c4 c6 3. Nc3 Nf6 4. e3 e6 5. Nf3 Nbd7 6. Bd2 Be7 7. Bd3 a6 8. O-O
Qc7 9. Rc1 Nb6 10. Qb3 dxc4 11. Bxc4 Nxc4 12. Qxc4 b5 13. Qd3 Bd6 14. Ne4 Nxe4
15. Qxe4 Bb7 16. Qh4 Be7 17. Qg4 g6 18. Bc3 b4 19. Bd2 f5 20. Qh3 a5 21. Ne5 Bf6
22. Qg3 Bxe5 23. Qxe5 Qxe5 24. dxe5 Rd8 25. Rfd1 O-O 26. a3 bxa3 27. bxa3 Rd5
28. f4 a4 29. Bb4 Rxd1+ 30. Rxd1 Rc8 31. Rd7 Ba6 32. Bc5 Bc4 33. Kf2 Bd5 34. g3
h5 35. Ra7 Bb3 36. Ke2 Rb8 37. Kd3 Rc8 38. e4 fxe4+ 39. Kxe4 Bd5+ 40. Ke3 Bb3
41. h3 Rd8 42. Bd6 Rc8 43. Kd4 Rd8 44. Kc5 Rc8 45. Be7 Bc2 46. g4 hxg4 47. hxg4
Bb3 48. Kd6 c5 49. Kd7 Rb8 50. Bxc5 Rb5 51. Kc6 Rb8 52. Kd7 Rb5 53. Rc7 Rb8 54.
Ke7 Ra8 55. Kf6 Bd1 56. g5 Bg4 57. Kxg6 Bf5+ 58. Kf6 Kh8 59. g6 Rg8 60. Rh7#
{Black checkmated} 1-0

[Event "Team 45 45 League T45"]
[Site "Internet Chess Club"]
[Date "2010.06.13"]
[Round "6"]
[White "krysto"]
[Black "megarook"]
[Result "1-0"]
[WhiteElo "1274"]
[BlackElo "1356"]
[Opening "French: advance variation"]
[ECO "B22"]
[Time "08:01:09"]
[TimeControl "2700+45"]

1. e4 c5 2. c3 e6 3. d4 d5 4. e5 cxd4 5. cxd4 Nc6 6. Nf3 Be7 7. Be2 f6 8. O-O
Qc7 9. Bf4 Qb6 10. b3 fxe5 11. dxe5 Bc5 12. Nc3 Qb4 13. Bd2 Qg4 14. Re1 Nd4 15.
h3 Nxf3+ 16. Bxf3 Qd4 17. Qe2 a6 18. Rac1 Ne7 19. Na4 Ba7 20. Bc3 Qh4 21. Bd2 b5
22. Nc5 Nf5 23. Bh5+ g6 24. Bg4 O-O 25. Kh2 Nd4 26. Qe3 Qxf2 27. Qc3 Bxc5 28.
Rf1 Qxf1 29. Rxf1 Rxf1 30. Qxc5 Nf5 31. Bxf5 Rxf5 32. Bh6 Bd7 33. h4 Rf7 34. h5
Rf5 35. g4 Rxe5 36. Qe7 Re2+ 37. Kg3 Re3+ 38. Bxe3 Be8 39. Bh6 Bf7 40. Qf6
{Black resigns} 1-0

[Event "Team 45 45 League T45"]
[Site "Internet Chess Club"]
[Date "2010.06.14"]
[Round "6"]
[White "sdcohle"]
[Black "supraholic"]
[Result "0-1"]
[WhiteElo "1359"]
[BlackElo "1325"]
[Opening "QGD: Neo-orthodox variation, 7.Bxf6"]
[ECO "D55"]
[Time "22:32:19"]
[TimeControl "2700+45"]

1. d4 d5 2. c4 e6 3. Nc3 Nf6 4. Bg5 Be7 5. e3 O-O 6. Nf3 h6 7. Bxf6 Bxf6 8. Bd3
b6 9. O-O Bb7 10. Re1 dxc4 11. Bxc4 Qe7 12. Bd3 Nd7 13. Be4 Bxe4 14. Nxe4 c5 15.
Nxf6+ Qxf6 16. Qa4 Rfd8 17. Rad1 cxd4 18. Rxd4 Nc5 19. Rxd8+ Rxd8 20. Qa3 Ne4
21. Qxa7 Rd2 22. Qb8+ Kh7 23. Rf1 Qxb2 24. Nxd2 Nxd2 25. Rd1 Ne4 26. Qd8 Qxf2+
27. Kh1 Qxa2 28. Qd3 f5 29. Kg1 Qf2+ 30. Kh1 Qb2 31. Rf1 Nf2+ 32. Rxf2 Qxf2 33.
h3 Qb2 34. Qd7 Qc1+ 35. Kh2 Qxe3 36. Qc6 e5 37. Qe6 Qf4+ 38. Kh1 b5 39. Qe7 e4
40. h4 e3 41. g3 Qf1+ 42. Kh2 Qf2+ 43. Kh3 e2 44. h5 e1=Q 45. Qe6 Qh1# {White
checkmated} 0-1

[Event "Team 45 45 League T45"]
[Site "Internet Chess Club"]
[Date "2010.06.13"]
[Round "6"]
[White "jocooper"]
[Black "MateIn42"]
[Result "0-1"]
[WhiteElo "1068"]
[BlackElo "1397"]
[Opening "Queen's Indian defense"]
[ECO "E12"]
[Time "20:00:54"]
[TimeControl "2700+45"]

1. d4 Nf6 2. Nf3 b6 3. c4 Bb7 4. Nc3 e6 5. Bg5 Be7 6. e3 h6 7. Bh4 d6 8. Bd3 c5
9. O-O cxd4 10. exd4 Nc6 11. Re1 O-O 12. Qc2 Nb4 13. Qd1 Nxd3 14. Qxd3 Rc8 15.
b3 a6 16. a4 Rc7 17. Bg3 Nh5 18. d5 Nxg3 19. fxg3 exd5 20. cxd5 Bf6 21. Rac1 Qc8
22. Ne2 Re8 23. Rxc7 Qxc7 24. Rc1 Qd7 25. h3 Rc8 26. Rc3 Bxc3 27. Nxc3 Qc7 28.
Ne2 Qc5+ 29. Qd4 Qxd4+ 30. Nfxd4 Bxd5 31. Nf5 Re8 32. Kf2 Bxb3 33. Nxd6 Re6 34.
Nd4 Rf6+ 35. N6f5 Bxa4 36. Ke3 Kf8 37. g4 g6 38. Ng3 Bd7 39. Ne4 Rf1 40. Ke2 Rc1
41. Nf6 Be6 42. Nxe6+ fxe6 43. Nd7+ Ke7 44. Nxb6 Rc2+ 45. Kf3 a5 46. g3 Ra2 47.
Nc8+ Kd7 48. Nb6+ Kc6 49. Nc4 a4 50. Ne5+ Kd5 51. Nxg6 a3 52. Nf4+ Kd6 53. Nd3
Rd2 54. Nc1 Rc2 {White resigns} 0-1

[Event "Team 45 45 League T45"]
[Site "Internet Chess Club"]
[Date "2010.06.12"]
[Round "6"]
[White "Ivio"]
[Black "pawnward"]
[Result "1-0"]
[WhiteElo "1848"]
[BlackElo "1684"]
[Opening "QGD semi-Slav: anti-Meran gambit"]
[ECO "D44"]
[Time "17:10:06"]
[TimeControl "2700+45"]

1. d4 d5 2. Nf3 Nf6 3. c4 c6 4. Nc3 e6 5. Bg5 dxc4 6. e4 b5 7. e5 h6 8. Bh4 g5
9. Nxg5 hxg5 10. Bxg5 Be7 11. exf6 Bxf6 12. Bxf6 Qxf6 13. Ne4 Qf5 14. Nd6+ Kd8
15. Nxf5 exf5 16. d5 Re8+ 17. Be2 Kc7 18. d6+ Kb6 19. O-O Be6 20. a4 a6 21. axb5
cxb5 22. Qd4+ Kb7 23. Bf3+ Nc6 24. Qc5 Bd7 25. Rfe1 Re6 26. Bd5 {Black resigns}
1-0

[Event "Team 45 45 League T45"]
[Site "Internet Chess Club"]
[Date "2010.06.13"]
[Round "6"]
[White "Manders"]
[Black "Salvatore"]
[Result "0-1"]
[WhiteElo "1639"]
[BlackElo "1621"]
[Opening "Sicilian: closed"]
[ECO "B23"]
[Time "15:01:49"]
[TimeControl "2700+45"]

1. e4 c5 2. Nc3 g6 3. f4 Bg7 4. Nf3 e6 5. e5 Ne7 6. d4 cxd4 7. Nxd4 Nbc6 8. Nxc6
bxc6 9. Be3 O-O 10. g4 Qa5 11. Qd2 Rb8 12. O-O-O Qb4 13. b3 d5 14. Na4 Qa3+ 15.
Kb1 Qxa4 {White resigns} 0-1

[Event "Team 45 45 League T45"]
[Site "Internet Chess Club"]
[Date "2010.06.11"]
[Round "6"]
[White "Monsieur"]
[Black "daniguti"]
[Result "0-1"]
[WhiteElo "1546"]
[BlackElo "1580"]
[Opening "Blackmar-Diemer gambit"]
[ECO "B02"]
[Time "20:00:30"]
[TimeControl "2700+45"]

1. e4 Nf6 2. Nc3 d5 3. d4 Nxe4 4. Nxe4 dxe4 5. Bc4 g6 6. f3 Bg7 7. c3 O-O 8.
fxe4 e5 9. Nf3 exd4 10. cxd4 Nc6 11. Be3 Bg4 12. e5 Bxf3 13. gxf3 Nxe5 14. dxe5
Qh4+ 15. Bf2 Qxc4 16. Bg3 Rfe8 17. f4 Rad8 18. Qe2 Qb4+ 19. Kf1 Rd2 20. Qe3 Qxb2
21. Re1 Qxa2 22. Qc3 Qd5 23. Rg1 Qb5+ {White resigns} 0-1

[Event "Team 45 45 League T45"]
[Site "Internet Chess Club"]
[Date "2010.06.11"]
[Round "6"]
[White "Chessnut4"]
[Black "Berke"]
[Result "0-1"]
[WhiteElo "1510"]
[BlackElo "1532"]
[Opening "English: symmetrical, Benoni formation"]
[ECO "A31"]
[Time "13:03:22"]
[TimeControl "2700+45"]

1. d4 Nf6 2. c4 c5 3. Nf3 g6 4. Nc3 cxd4 5. Nxd4 Bg7 6. e4 d6 7. Be2 Qb6 8. Nc2
Nc6 9. O-O Be6 10. Nd5 Qd8 11. Bd3 Ne5 12. f4 Nxd3 13. Qxd3 O-O 14. f5 Nxd5 15.
fxe6 Nf6 16. Nd4 Qb6 17. Be3 Qa5 18. h3 Qe5 19. exf7+ Rxf7 20. Rf4 a6 21. Raf1
Raf8 22. Nf3 Qxb2 23. Ng5 Qxa2 24. Nxf7 Rxf7 25. Bd4 e5 26. Bxe5 dxe5 27. Qd8+
Rf8 28. Qe7 exf4 29. Rxf4 Qxc4 {White resigns} 0-1

[Event "Team 45 45 League T45"]
[Site "Internet Chess Club"]
[Date "2010.06.11"]
[Round "6"]
[White "parrot9"]
[Black "Kallistos"]
[Result "0-1"]
[WhiteElo "1625"]
[BlackElo "1660"]
[Opening "French: Alapin variation"]
[ECO "C01"]
[Time "08:09:52"]
[TimeControl "2700+45"]

1. e4 e6 2. d4 d5 3. Be3 dxe4 4. Nd2 f5 5. f3 exf3 6. Ngxf3 Nc6 7. Bc4 Nf6 8. c3
Bd6 9. b4 O-O 10. b5 Ne7 11. Ng5 Ned5 12. Bf2 Ng4 13. Bxd5 exd5 14. Bh4 Re8+ 15.
Kf1 Ne3+ {White resigns} 0-1

[Event "Team 45 45 League T45"]
[Site "Internet Chess Club"]
[Date "2010.06.13"]
[Round "6"]
[White "Signalman"]
[Black "Invicta-Knight"]
[Result "1-0"]
[WhiteElo "1574"]
[BlackElo "1570"]
[Opening "Bird: From gambit, Lasker variation"]
[ECO "A02"]
[Time "05:02:23"]
[TimeControl "2700+45"]

1. f4 e5 2. fxe5 d6 3. exd6 Bxd6 4. Nf3 g5 5. g3 h5 6. d4 g4 7. Ne5 Bxe5 8. dxe5
Qxd1+ 9. Kxd1 Nc6 10. Bg2 Nxe5 11. Bf4 f6 12. Nc3 c6 13. Ne4 Ke7 14. Ke1 Nh6 15.
b3 Nf5 16. Rd1 b6 17. Nf2 Bd7 18. Nd3 Ng6 19. Be4 h4 20. Nb4 Rac8 21. Rxd7+ Ke6
22. Rxa7 hxg3 23. Bxf5+ Kxf5 24. Bxg3 Ke4 25. Rf1 f5 26. Nd3 Rcd8 27. Ra4+ Ke3
28. Bf2# {Black checkmated} 1-0

[Event "Team 45 45 League T45"]
[Site "Internet Chess Club"]
[Date "2010.06.14"]
[Round "6"]
[White "dscvdchk"]
[Black "werty"]
[Result "1-0"]
[WhiteElo "1492"]
[BlackElo "1507"]
[Opening "QGD semi-Slav: Meran, Wade variation"]
[ECO "D47"]
[Time "14:32:34"]
[TimeControl "2700+45"]

1. d4 d5 2. c4 e6 3. Nf3 c6 4. e3 Nf6 5. Nc3 Nbd7 6. Bd3 dxc4 7. Bxc4 b5 8. Bd3
Bb7 9. O-O Be7 10. e4 O-O 11. a3 Qc7 12. e5 Nd5 13. Nxd5 cxd5 14. Bxb5 f6 15.
Bf4 fxe5 16. Bxe5 Nxe5 17. Nxe5 Bf6 18. Rc1 Qe7 19. Qg4 Bxe5 20. dxe5 Rac8 21.
h3 Rxc1 22. Rxc1 Qf7 23. Rc2 {Black forfeits on time} 1-0

[Event "Team 45 45 League T45"]
[Site "Internet Chess Club"]
[Date "2010.06.11"]
[Round "6"]
[White "Pablito15"]
[Black "houseofcook"]
[Result "1-0"]
[WhiteElo "1723"]
[BlackElo "1502"]
[Opening "French: Steinitz, Boleslavsky variation"]
[ECO "C11"]
[Time "13:00:18"]
[TimeControl "2700+45"]

1. e4 e6 2. d4 d5 3. Nc3 Nf6 4. e5 Nfd7 5. f4 c5 6. Nf3 Nc6 7. Be3 cxd4 8. Nxd4
Bc5 9. Qd2 a6 10. h4 Nxd4 11. Bxd4 Bxd4 12. Qxd4 Qb6 13. O-O-O Qxd4 14. Rxd4 b5
15. Rh3 O-O 16. h5 Nc5 17. h6 g6 18. Re3 Bb7 19. g4 Rac8 20. Ne2 Rc7 21. Bh3 Bc8
22. Rd1 Bd7 23. Nd4 Ne4 24. Rf1 Rc4 25. Rd3 Nc5 26. Rdd1 b4 27. f5 g5 28. f6 Ne4
29. Bg2 Ng3 30. Rf3 Ne4 31. Bf1 Rc7 32. Bd3 Nc5 33. Rh3 Nxd3+ 34. Rdxd3 Bb5 35.
Rd2 Kh8 36. Rh5 Rg8 37. Nf3 Rc4 38. Nxg5 Be8 39. Rg2 Rf4 40. Kd2 d4 41. c3 bxc3+
42. bxc3 Rf8 43. Nh3 dxc3+ 44. Kxc3 Rf3+ 45. Kb4 Bc6 46. Rc2 Bb5 47. a4 Bf1 48.
Ng5 Rf4+ 49. Ka5 Rxg4 50. Rc7 Kg8 51. Nf3 Be2 52. Rg5+ Rxg5 53. Nxg5 Bd3 54. Kb6
Be2 55. a5 Bd3 56. Ra7 Bb5 57. Ne4 Rd8 58. Nd6 Rb8+ 59. Kc7 Rf8 60. Nxb5 axb5
61. a6 b4 62. Rb7 Ra8 63. Rb8+ Rxb8 64. Kxb8 b3 65. a7 b2 66. a8=Q b1=Q+ 67.
Kc7+ {Black resigns} 1-0

[Event "Team 45 45 League T45"]
[Site "Internet Chess Club"]
[Date "2010.06.13"]
[Round "6"]
[White "AncientTurnip"]
[Black "Karpyan"]
[Result "1-0"]
[WhiteElo "1737"]
[BlackElo "1819"]
[Opening "French: Tarrasch, open variation"]
[ECO "C07"]
[Time "06:01:44"]
[TimeControl "2700+45"]

1. d4 e6 2. e4 d5 3. Nd2 c5 4. Ngf3 cxd4 5. exd5 Qxd5 6. Bc4 Qd6 7. O-O Nf6 8.
Nb3 Nc6 9. Nbxd4 Nxd4 10. Nxd4 a6 11. Re1 Be7 12. b3 O-O 13. Bb2 b5 14. Bd3 Bb7
15. Qe2 Qd5 16. Nf3 Qh5 17. Ne5 Qg5 18. g3 Bc5 19. Bc1 Qh5 20. Qxh5 Nxh5 21. Nd7
Rfc8 22. Re5 Bd4 23. Rxh5 Bxa1 24. Bxh7+ Kh8 25. Nb6 g6 26. Bxg6+ Kg7 27. Bd3
Rh8 28. Rg5+ Kf6 29. Nxa8 Bxa8 30. Rc5 Bd5 31. c4 bxc4 32. Bxc4 Bf3 33. Bg5+ Kg6
34. Bd3+ f5 35. h4 Rh7 36. Rc1 Bb2 37. Rc2 Rd7 38. Be2 Bxe2 39. Rxe2 Bc3 40.
Rxe6+ Kh5 41. Kg2 a5 42. Rh6+ {Black resigns} 1-0

[Event "Team 45 45 League T45"]
[Site "Internet Chess Club"]
[Date "2010.06.10"]
[Round "6"]
[White "SneakyRed"]
[Black "MtzKid"]
[Result "0-1"]
[WhiteElo "1798"]
[BlackElo "1614"]
[Opening "French: advance, Paulsen attack"]
[ECO "C02"]
[Time "10:03:13"]
[TimeControl "2700+45"]

1. e4 e6 2. d4 d5 3. e5 c5 4. c3 Nc6 5. Nf3 Qb6 6. a3 cxd4 7. cxd4 Bd7 8. Nc3
Rc8 9. Na4 Qc7 10. Be3 Qa5+ 11. b4 Qc7 12. Rc1 a6 13. Nc5 Bxc5 14. Rxc5 Nge7 15.
g4 h5 16. gxh5 Nf5 17. Ng5 Qd8 18. Qg4 Ncxd4 19. Rxc8 Bxc8 20. Bd3 Nxe3 21. fxe3
Nf5 22. Ke2 Qb6 23. Bxf5 exf5 24. Qf3 Qb5+ 25. Kf2 Qc4 26. Rd1 Be6 27. Kg3 Qb3
28. Rc1 Kd7 29. Nxf7 Bxf7 30. Qxf5+ Be6 31. Qg5 Rg8 32. Qf4 Qxa3 33. Rc5 b6 34.
Rc2 Rh8 35. Qg5 Rg8 36. Qf4 Qb3 37. Rd2 Qc3 38. Rd4 Qe1+ 39. Qf2 Qxf2+ 40. Kxf2
Ke7 41. Kg3 Rc8 42. Rh4 Rc4 43. h6 gxh6 44. Rxh6 Rxb4 45. Rh7+ Kf8 46. h4 Rg4+
47. Kf3 Rg7 48. Rh6 Kf7 49. Rf6+ Ke7 50. Rh6 a5 51. Ke2 a4 52. Kd2 b5 53. Kc3 a3
54. Rf6 Rg3 55. Kb4 a2 56. Rf1 Rxe3 57. Kxb5 Rb3+ 58. Ka4 Rb1 59. Rxb1 axb1=Q
60. h5 Qh7 {White resigns} 0-1

[Event "Team 45 45 League T45"]
[Site "Internet Chess Club"]
[Date "2010.06.13"]
[Round "6"]
[White "BotanicalKnight"]
[Black "bondguy01"]
[Result "1-0"]
[WhiteElo "1566"]
[BlackElo "1701"]
[Opening "French: Labourdonnais variation"]
[ECO "C00"]
[Time "15:01:23"]
[TimeControl "2700+45"]

1. e4 e6 2. f4 d5 3. e5 c5 4. g3 Bd7 5. d3 Nc6 6. Nc3 Qb6 7. Nf3 Nh6 8. Bg2 Be7
9. a3 O-O 10. O-O f6 11. exf6 Bxf6 12. Kh1 Rac8 13. h3 Nf5 14. Kh2 a6 15. g4 Nh4
16. Nxh4 Bxh4 17. b3 Qc7 18. Kh1 Bf6 19. Qe1 Nd4 20. Ra2 Rce8 21. g5 Be7 22. Ne2
Nf5 23. h4 Bd6 24. Qf2 b5 25. Bh3 Kh8 26. Bxf5 exf5 27. c3 Re7 28. h5 Rfe8 29.
Ng3 Qb7 30. Kh2 Qc7 31. Re2 Rxe2 32. Nxe2 Qd8 33. Ng3 Re7 34. Qf3 d4 35. cxd4
cxd4 36. Qd5 Be6 37. Qxd4 Qc7 38. h6 Bc5 39. hxg7+ Kg8 40. Qf6 Re8 41. Re1 Qxg7
42. Rxe6 Rxe6 43. Qxe6+ Qf7 44. Qxf7+ Kxf7 45. Nxf5 Kg6 46. Ng3 Bd4 47. Kg2 Bc5
48. Kf3 Be7 49. Ke4 Kf7 50. f5 Bd6 51. Nh5 Be7 52. d4 Bd8 53. d5 Bc7 54. Bf4 Bd8
55. d6 Bb6 56. Kd5 b4 57. axb4 a5 58. b5 Bd8 59. Kc6 Kf8 60. b6 a4 61. bxa4 Kf7
62. b7 Bxg5 63. Bxg5 h6 64. d7 hxg5 65. b8=Q g4 66. Qe8# {Black checkmated} 1-0

[Event "Team 45 45 League T45"]
[Site "Internet Chess Club"]
[Date "2010.06.10"]
[Round "6"]
[White "vaknight"]
[Black "tightfist"]
[Result "1-0"]
[WhiteElo "1675"]
[BlackElo "1533"]
[Opening "Bird's opening"]
[ECO "A02"]
[Time "21:08:18"]
[TimeControl "2700+45"]

1. f4 d6 2. e4 g6 3. Nf3 Bg7 4. Bc4 e6 5. Nc3 Nc6 6. a3 Nf6 7. O-O O-O 8. d3 a6
9. Ba2 b5 10. Bd2 Bb7 11. Ne2 Nxe4 12. dxe4 Bxb2 13. Rb1 Bxa3 14. Bc3 Bc5+ 15.
Kh1 b4 16. Ba1 a5 17. Ned4 Nxd4 18. Nxd4 e5 19. fxe5 dxe5 20. Nf3 Bxe4 21. Nxe5
Qxd1 22. Rbxd1 Bf5 23. Bd5 Rac8 24. Nxf7 Rxf7 25. Bxf7+ Kxf7 26. g4 Bb6 27. gxf5
gxf5 28. Rxf5+ Kg6 29. Rf6+ Kg5 30. Rd5+ Kg4 31. Rd3 Kh5 32. Rg3 Re8 33. Rf5+
Kh4 34. Bf6# {Black checkmated} 1-0

[Event "Team 45 45 League T45"]
[Site "Internet Chess Club"]
[Date "2010.06.14"]
[Round "6"]
[White "charles-allen"]
[Black "koni"]
[Result "1-0"]
[WhiteElo "1879"]
[BlackElo "1837"]
[Opening "Pirc defense"]
[ECO "B07"]
[Time "09:07:52"]
[TimeControl "2700+45"]

1. e4 d6 2. d4 Nf6 3. Bd3 e5 4. c3 d5 5. dxe5 Nxe4 6. Bxe4 dxe4 7. Qa4+ Bd7 8.
Qxe4 Bc6 9. Qg4 h5 10. Qg3 h4 11. Qg4 Qd7 12. e6 Qxe6+ 13. Qxe6+ fxe6 14. f3 h3
15. Nxh3 Bxf3 16. Nf4 Bd5 17. Nxd5 exd5 18. Bf4 Na6 19. b4 O-O-O 20. O-O Bd6 21.
Nd2 d4 22. Ne4 dxc3 23. Bxd6 cxd6 24. b5 Nc5 25. Nxc3 b6 26. Rf7 Rd7 27. Raf1
Rhd8 28. Nd5 Rxf7 29. Rxf7 Rd7 30. Ne7+ Kd8 31. Nc6+ Kc7 32. Rxd7+ Nxd7 33. Nxa7
Ne5 34. Kf2 Kb7 35. Nc6 Nxc6 36. bxc6+ Kxc6 37. Ke3 Kc5 38. Kd3 Kb4 39. g4 Ka3
40. h4 b5 41. h5 Kxa2 42. g5 b4 43. h6 gxh6 44. g6 b3 45. g7 b2 46. g8=Q+ Ka3
47. Kc3 b1=N+ 48. Kc2 {Black resigns} 1-0